AoeStats
← 猫咪先生

Black Forest

510455171Analyzed
2v2 RM · 10h ago on Oct 1, 2026· 38m 58s· 4 players
Game mode
Random Map
Map size
Medium (4 player)
Population
200
Speed
Normal
Resources
Standard
Victory
Conquest
Starting age
Dark Age
Ending age
Imperial Age
RankedLock teamsTeams togetherTeam positionsShared explorationLock speedFull tech treeHidden civsTurbo modeCheats
Victory
Defeat
🇨🇱 Khmer · Chile
992
+15
🇨🇱 Koreans · Chile
990
+15
🇨🇴 Vietnamese · Colombia
1026
-17
🇨🇳 Cumans · China
921
-13
TurboKiller
14:42 Feudal Age
15:58 Wheelbarrow
15:12 Double-Bit Axe
15:23 Horse Collar
18:47 Stone Mining
18:51 Gold Mining
22:14 Castle Age
20:17 Fletching
22:56 Heavy Plow
23:13 Hand Cart
23:12 Bow Saw
23:25 Bodkin Arrow
26:50 Ballistics
30:46 Town Watch
34:03 Pikeman
34:46 Scale Mail Armor
34:56 Forging
36:43 Gold Shaft Mining
40:01 Imperial Age
☣ExciDiuM☣
2:19 Loom
13:58 Feudal Age
21:12 Castle Age
19:22 Horse Collar
23:03 Wheelbarrow
23:19 Double-Bit Axe
23:40 Heavy Plow
25:15 Gold Mining
27:53 Hand Cart
28:17 Gold Shaft Mining
27:36 Stone Mining
30:57 Imperial Age
30:09 Stone Shaft Mining
29:51 Bow Saw
31:33 Bloodlines
31:24 Husbandry
31:32 Scale Barding Armor
30:52 Light Cavalry
32:05 Ballistics
33:58 Chain Barding Armor
35:29 Plate Barding Armor
Tutmosis
1:26 Loom
猫咪先生
10:27 Loom
13:00 Feudal Age
13:06 Feudal Age
14:25 Double-Bit Axe
18:22 Castle Age
17:49 Horse Collar
20:23 Fishing Lines
23:17 Wheelbarrow
23:29 Gillnets
23:54 Bow Saw
23:41 Gold Mining
23:42 Stone Mining
24:19 Capped Ram
26:07 Heavy Plow
28:50 Scale Barding Armor
31:44 Imperial Age
29:34 Bloodlines
31:35 Hand Cart
31:08 Town Watch
32:19 Chain Barding Armor
31:49 Cavalier
Connection lost

Rejoining the realm…

Still unreachable

The connection could not be restored.

Session expired

The server has moved on; the page needs a fresh start.